BSA
HENDERSONVILLE HITMEN @ PLYMOUTH ROCKS
09/04/2026
 
TOP OF THE 1ST
Hendersonville Hitmen batting - Pitching for Plymouth Rocks : RHP José Morán
Pitching: RHP José Morán
Batting: RHB Eduardo García 0-0: SINGLE (Groundball, 4MD)
Batting: LHB Lorenzo Quintanilla 0-0: Ball
1-0: Ball
2-0: Called Strike
2-1: Ball
3-1: Foul Ball, location: 2F
3-2: Base on Balls
Eduardo García to second
Batting: RHB Manolo Román 0-0: Called Strike
0-1: Swinging Strike
0-2: Foul Ball, location: 2F
0-2: Foul Ball, location: 2F
0-2: Ball
1-2: Foul Ball, location: 2F
1-2: Foul Ball, location: 2F
1-2: Ball
2-2: SINGLE (Line Drive, 78S)
Eduardo García to third
Lorenzo Quintanilla to second
Batting: LHB Tony Abete 0-0: SINGLE (Groundball, 34D)
Eduardo García scores
Lorenzo Quintanilla to third
Manolo Román to second
Runner from 3rd tries for Home, SAFE, no throw or cutoff
Batting: RHB Robert Buckley 0-0: Ball
1-0: Foul Ball, location: 2F
1-1: Fly out, F8 (Flyball, 8LS)
Batting: LHB José Flores 0-0: Grounds into double play, 5-4-3 (Groundball, 56)
Top of the 1st over - 2 run(s), 3 hit(s), 0 error(s), 1 left on base; Hendersonville 2 - Plymouth 0
BOTTOM OF THE 1ST
Plymouth Rocks batting - Pitching for Hendersonville Hitmen : RHP Carlos Hernández
Pitching: RHP Carlos Hernández
Batting: LHB Sean Nicks 0-0: Ball
1-0: Called Strike
1-1: Fly out, F6 (Popup, 4MD)
Batting: RHB Luis Sánchez 0-0: Foul Ball, location: 2F
0-1: Foul Ball, location: 2F
0-2: Ball
1-2: Ball
2-2: Foul Ball, location: 2F
2-2: Foul Ball, location: 2F
2-2: SINGLE (Groundball, 25) (infield hit)
Batting: LHB Roy Patrick 0-0: Called Strike
0-1: Ball
1-1: Fly out, F3 (Popup, 13)
Batting: LHB Roger Moore 0-0: Swinging Strike
0-1: Ball
1-1: Ball
2-1: Foul Ball, location: 2F
2-2: Foul Ball, location: 2F
2-2: Foul Ball, location: 2F
2-2: Ball
3-2: DOUBLE (Line Drive, 3L)
Luis Sánchez to third
Luis Sánchez scores
Batting: SHB Greg Welch 0-0: Called Strike
0-1: Ball
1-1: Called Strike
1-2: Ground out U3 (Groundball, 3L)
Bottom of the 1st over - 1 run(s), 2 hit(s), 0 error(s), 1 left on base; Hendersonville 2 - Plymouth 1
TOP OF THE 2ND
Hendersonville Hitmen batting - Pitching for Plymouth Rocks : RHP José Morán
Batting: RHB Bill Mark 0-0: Swinging Strike
0-1: Ball
1-1: Ground out 1-3 (Groundball, 25)
Batting: RHB Taylor McFarland 0-0: Called Strike
0-1: Swinging Strike
0-2: Ball
1-2: Ball
2-2: Ball
3-2: Fly out, F8 (Flyball, 8LS)
Batting: LHB Jerry Johnston 0-0: Fly out, F7 (Flyball, 7M)
Top of the 2nd over - 0 run(s), 0 hit(s), 0 error(s), 0 left on base; Hendersonville 2 - Plymouth 1
BOTTOM OF THE 2ND
Plymouth Rocks batting - Pitching for Hendersonville Hitmen : RHP Carlos Hernández
Batting: RHB Andrés Lara 0-0: Ground out 6-3 (Groundball, 6M)
Batting: LHB Barrett Waters 0-0: Called Strike
0-1: Foul Ball, location: 2F
0-2: SINGLE (Flyball, 6MD)
Batting: RHB Jorge Jiménez 0-0: Foul Ball, location: 2F
0-1: Ball
1-1: Fielders Choice at 2nd, 6-4 (Groundball, 6M)
Batting: RHB Víctor Chávez 0-0: Swinging Strike
0-1: Ball
Jorge Jiménez is caught stealing 2nd base
Bottom of the 2nd over - 0 run(s), 1 hit(s), 0 error(s), 0 left on base; Hendersonville 2 - Plymouth 1
TOP OF THE 3RD
Hendersonville Hitmen batting - Pitching for Plymouth Rocks : RHP José Morán
Batting: RHB Eduardo García 0-0: Called Strike
0-1: Called Strike
0-2: Ball
1-2: Fly out, F7 (Line Drive, 7LM)
Batting: LHB Lorenzo Quintanilla 0-0: Called Strike
0-1: Foul Ball, location: 2F
0-2: Ball
1-2: Strikes out looking
Batting: RHB Manolo Román 0-0: Called Strike
0-1: Swinging Strike
0-2: SINGLE (Flyball, 9LS)
Batting: LHB Tony Abete 0-0: Called Strike
0-1: Ball
1-1: Ball
2-1: Fielders Choice at 2nd, U6 (Groundball, 6M)
Top of the 3rd over - 0 run(s), 1 hit(s), 0 error(s), 1 left on base; Hendersonville 2 - Plymouth 1
BOTTOM OF THE 3RD
Plymouth Rocks batting - Pitching for Hendersonville Hitmen : RHP Carlos Hernández
Batting: RHB Víctor Chávez 0-0: Ball
1-0: Called Strike
1-1: Foul Ball, location: 2F
1-2: Ball
2-2: Strikes out swinging
Batting: LHB Sean Nicks 0-0: Called Strike
0-1: Ball
1-1: Fly out, F3 (Popup, 34S)
Batting: RHB Luis Sánchez 0-0: Called Strike
0-1: Foul Ball, location: 2F
0-2: Ball
1-2: Ball
2-2: Ball
3-2: Strikes out swinging
Bottom of the 3rd over - 0 run(s), 0 hit(s), 0 error(s), 0 left on base; Hendersonville 2 - Plymouth 1
TOP OF THE 4TH
Hendersonville Hitmen batting - Pitching for Plymouth Rocks : RHP José Morán
Batting: RHB Robert Buckley 0-0: Fly out, F4 (Popup, 4)
Batting: LHB José Flores 0-0: Ball
1-0: Called Strike
1-1: Ball
2-1: Ball
3-1: Called Strike
3-2: Fly out, F9 (Flyball, 9LD)
Batting: RHB Bill Mark 0-0: Ball
1-0: SINGLE (Groundball, 25) (infield hit)
Batting: RHB Taylor McFarland 0-0: Called Strike
0-1: Swinging Strike
0-2: Ball
Wild Pitch!
Bill Mark to second
1-2: Foul Ball, location: 2F
1-2: DOUBLE (Flyball, 89XD)
Bill Mark scores
Batting: LHB Jerry Johnston 0-0: Foul Ball, location: 2F
0-1: Fly out, F9 (Flyball, 89M)
Top of the 4th over - 1 run(s), 2 hit(s), 0 error(s), 1 left on base; Hendersonville 3 - Plymouth 1
BOTTOM OF THE 4TH
Plymouth Rocks batting - Pitching for Hendersonville Hitmen : RHP Carlos Hernández
Batting: LHB Roy Patrick 0-0: Called Strike
0-1: Ground out 4-3 (Groundball, 4)
Batting: LHB Roger Moore 0-0: Ball
1-0: Ball
2-0: Called Strike
2-1: Ball
3-1: TRIPLE (Line Drive, 89S)
Batting: SHB Greg Welch 0-0: Ground out 6-3 (Groundball, 6)
Roger Moore scores
Batting: RHB Andrés Lara 0-0: Ball
1-0: DOUBLE (Groundball, 5L)
Batting: LHB Barrett Waters 0-0: Ground out 1-3 (Groundball, 25)
Bottom of the 4th over - 1 run(s), 2 hit(s), 0 error(s), 1 left on base; Hendersonville 3 - Plymouth 2
TOP OF THE 5TH
Hendersonville Hitmen batting - Pitching for Plymouth Rocks : RHP José Morán
Batting: RHB Eduardo García 0-0: Ground out 4-3 (Groundball, 4)
Batting: LHB Lorenzo Quintanilla 0-0: Ball
1-0: Ball
2-0: Ground out 4-3 (Groundball, 4)
Batting: RHB Manolo Román 0-0: Foul Ball, location: 2F
0-1: Swinging Strike
0-2: Ball
1-2: Fly out, F3 (Popup, 3S)
Top of the 5th over - 0 run(s), 0 hit(s), 0 error(s), 0 left on base; Hendersonville 3 - Plymouth 2
BOTTOM OF THE 5TH
Plymouth Rocks batting - Pitching for Hendersonville Hitmen : RHP Carlos Hernández
Batting: RHB Jorge Jiménez 0-0: Foul Ball, location: 2F
0-1: Ground out 5-3 (Groundball, 56S)
Batting: RHB Víctor Chávez 0-0: Ground out 6-3 (Groundball, 6)
Batting: LHB Sean Nicks 0-0: Foul Ball, location: 2F
0-1: Foul Ball, location: 2F
0-2: Strikes out swinging
Bottom of the 5th over - 0 run(s), 0 hit(s), 0 error(s), 0 left on base; Hendersonville 3 - Plymouth 2
TOP OF THE 6TH
Hendersonville Hitmen batting - Pitching for Plymouth Rocks : RHP José Morán
Batting: LHB Tony Abete 0-0: Ball
1-0: Swinging Strike
1-1: SINGLE (Groundball, 34D) (infield hit)
Batting: RHB Robert Buckley 0-0: Called Strike
0-1: Foul Ball, location: 2F
0-2: Ball
1-2: Foul Ball, location: 2F
1-2: Ball
2-2: Grounds into double play, U4-3 (Groundball, 4M)
Batting: LHB José Flores 0-0: Ball
1-0: Ball
2-0: Called Strike
2-1: Foul Ball, location: 2F
2-2: Ball
3-2: Base on Balls
Batting: RHB Bill Mark 0-0: Ground out 6-3 (Groundball, 56)
Top of the 6th over - 0 run(s), 1 hit(s), 0 error(s), 1 left on base; Hendersonville 3 - Plymouth 2
BOTTOM OF THE 6TH
Plymouth Rocks batting - Pitching for Hendersonville Hitmen : RHP Carlos Hernández
Batting: RHB Luis Sánchez 0-0: Ball
1-0: Ball
2-0: SINGLE (Line Drive, 4MD)
Batting: LHB Roy Patrick 0-0: Ball
1-0: Ball
2-0: Swinging Strike
2-1: 2-RUN HOME RUN (Flyball, 7LD), Distance : 379 ft
Batting: LHB Roger Moore 0-0: Ground out 4-3 (Groundball, 34)
Batting: SHB Greg Welch 0-0: SINGLE (Line Drive, 56D)
Batting: RHB Andrés Lara 0-0: Foul Ball, location: 2F
0-1: Grounds into double play, 5-4-3 (Groundball, 5L)
Bottom of the 6th over - 2 run(s), 3 hit(s), 0 error(s), 0 left on base; Hendersonville 3 - Plymouth 4
TOP OF THE 7TH
Hendersonville Hitmen batting - Pitching for Plymouth Rocks : RHP José Morán
Batting: RHB Taylor McFarland 0-0: Ball
1-0: Ball
2-0: SINGLE (Groundball, 25) (infield hit)
Batting: LHB Jerry Johnston Pickoff Throw to First - Error! E1
Taylor McFarland to second
0-0: Ball
1-0: Called Strike
1-1: Called Strike
1-2: Ball
2-2: Strikes out swinging
Pinch Hitting: SHB Tony López 0-0: Ball
1-0: SINGLE (Line Drive, 8RS)
Taylor McFarland to third
Runner from 3rd tries for Home, SAFE, throw made home
Tony López to second
Batting: LHB Lorenzo Quintanilla 0-0: Ball
1-0: Foul Ball, location: 2F
1-1: Ball
2-1: Fly out, F9 (Line Drive, 89M)
Batting: RHB Manolo Román 0-0: Called Strike
0-1: Foul Ball, location: 2F
0-2: Ball
1-2: Foul Ball, location: 2F
1-2: Ball
2-2: Fly out, F7 (Flyball, 78D)
Top of the 7th over - 1 run(s), 2 hit(s), 1 error(s), 1 left on base; Hendersonville 4 - Plymouth 4
BOTTOM OF THE 7TH
Plymouth Rocks batting - Pitching for Hendersonville Hitmen : RHP Carlos Hernández
Now in CF: Tony López
Batting: LHB Barrett Waters 0-0: Ball
1-0: Ball
2-0: Called Strike
2-1: Ball
3-1: Base on Balls
Batting: RHB Jorge Jiménez 0-0: Ball
1-0: Sac Bunt - play at first, batter OUT! 2-4
Barrett Waters to second
Batting: RHB Víctor Chávez 0-0: Called Strike
0-1: Ball
1-1: Called Strike
1-2: Fly out, F5 (Popup, 25)
Batting: LHB Sean Nicks 0-0: Ground out 4-3 (Groundball, 34)
Bottom of the 7th over - 0 run(s), 0 hit(s), 0 error(s), 1 left on base; Hendersonville 4 - Plymouth 4
TOP OF THE 8TH
Hendersonville Hitmen batting - Pitching for Plymouth Rocks : RHP José Morán
Pitching: RHP Lorenzo Ramos
Batting: LHB Tony Abete 0-0: Called Strike
0-1: Ground out 4-3 (Groundball, 4M)
Pinch Hitting: SHB David Johnstone 0-0: Ball
1-0: SINGLE (Flyball, 7S)
Batting: LHB José Flores 0-0: SINGLE (Groundball, 3D)
David Johnstone to second
Runner from 2nd tries for 3rd, SAFE, throw made to third
José Flores to second
Batting: RHB Bill Mark 0-0: Ball
1-0: Swinging Strike
1-1: Foul Ball, location: 2F
1-2: Strikes out swinging
Batting: RHB Taylor McFarland 0-0: Ball
1-0: Ball
2-0: Ball
3-0: Called Strike
3-1: Ground out 1-3 (Groundball, 13S)
Top of the 8th over - 0 run(s), 2 hit(s), 0 error(s), 2 left on base; Hendersonville 4 - Plymouth 4
BOTTOM OF THE 8TH
Plymouth Rocks batting - Pitching for Hendersonville Hitmen : RHP Carlos Hernández
Now at 1B: David Johnstone
Batting: RHB Luis Sánchez 0-0: Ball
1-0: Ball
2-0: Foul Ball, location: 2F
2-1: Ground out U3 (Groundball, 3)
Batting: LHB Roy Patrick 0-0: Ball
1-0: Ball
2-0: Ball
3-0: SINGLE (Line Drive, 78S)
Batting: LHB Roger Moore 0-0: Ball
1-0: Swinging Strike
1-1: Foul Ball, location: 2F
1-2: Ball
2-2: Strikes out swinging
Batting: SHB Greg Welch 0-0: Ball
1-0: Called Strike
Roy Patrick steals 2nd base
1-1: Ball
2-1: SINGLE (Groundball, 56D)
Roy Patrick to third
Runner from 3rd tries for Home, SAFE, no throw or cutoff
Batting: RHB Andrés Lara 0-0: Called Strike
0-1: Fielders Choice at 2nd, 6-4 (Groundball, 6)
Bottom of the 8th over - 1 run(s), 2 hit(s), 0 error(s), 0 left on base; Hendersonville 4 - Plymouth 5
TOP OF THE 9TH
Hendersonville Hitmen batting - Pitching for Plymouth Rocks : RHP Lorenzo Ramos
Pitching: RHP Soichiro Ikeda
Now at C: Tadakuni Sugiyama
Now at 1B: Júlio Negrón
Batting: LHB Jerry Johnston 0-0: Ball
1-0: Called Strike
1-1: Called Strike
1-2: Strikes out swinging
Batting: SHB Tony López 0-0: Ground out 4-3 (Groundball, 4M)
Batting: LHB Lorenzo Quintanilla 0-0: Foul Ball, location: 2F
0-1: Foul Ball, location: 2F
0-2: Foul Ball, location: 2F
0-2: Ball
1-2: Foul Ball, location: 2F
1-2: Strikes out swinging
Top of the 9th over - 0 run(s), 0 hit(s), 0 error(s), 0 left on base; Hendersonville 4 - Plymouth 5
Monday, December 5th, 2016 - OOTP Baseball 17.12 Build 75